[Event "Mongolian Championship Open 2022"]
[Site "Chingis Khentii"]
[Date "2022.05.15"]
[Round "3.6"]
[White "Gan-Erdene, Sugar"]
[Black "Boldoo, Erdenepurev"]
[Result "1-0"]
[ECO "B48"]
[WhiteElo "2419"]
[BlackElo "2371"]
[Annotator "TA"]
[PlyCount "61"]
[EventDate "2022.05.12"]
[EventType "tourn"]
[EventCountry "MGL"]
[SourceTitle "playchess.com"]
[Source "ChessBase"]
[SourceQuality "1"]
[TimeControl "40/5400+30:1800+30"]

1. e4 c5 2. Nf3 e6 3. d4 cxd4 4. Nxd4 Nc6 5. Nc3 Qc7 6. Be3 a6 7. Qf3 {[%emt 0:00:00] B48: Sicilian: Taimanov: 5 Nc3 Qc7 6 Be3 a6 without Be2.} b5 8. Qg3 $1 {[%emt 0:00:00][%mdl 4] is currently scoring better than 8.Nxc6.} Qxg3 9. hxg3 {[%emt 0:00:00] White is slightly better.} ({Much weaker is} 9. fxg3 Bb7 $11) 9... Bb7 10. Nxc6 Bxc6 11. Bd3 Bb4 {[%emt 0:01:16] [#]} 12. Bd2 $146 ({Predecessor:} 12. f3 f6 13. Kf2 Bxc3 14. bxc3 Ne7 15. g4 d5 16. exd5 Nxd5 17. Bd2 Kf7 18. a4 bxa4 {½-½ (32) Koelewijn,A (2153)-Brown,K (2069) ICCF email 2015}) 12... Bc5 13. f3 Ne7 14. O-O-O f6 15. g4 Kf7 16. Rh5 Bd6 17. g5 fxg5 18. Bxg5 Bc7 19. Ne2 h6 20. Bd2 Rhf8 21. Bb4 Ke8 22. Kb1 Rf7 23. c4 Rb8 {[%emt 0:04:10] [#] Hoping for ...bxc4.} 24. cxb5 {[%emt 0:00:00] White is more active.} Bxb5 25. Bxb5 axb5 (25... Rxb5 $16 26. Rxb5 axb5) 26. Nc3 $18 d5 $2 {[%emt 0:06:17] This costs Black the game.} (26... Nc6 $16) 27. exd5 exd5 28. Nxd5 Nxd5 (28... Nc8 $142 29. Re1+ Kd7 30. Nxc7 Kxc7 31. Rc5+ Kb6) 29. Rhxd5 {[%emt 0:00:00] [#] White threatens Re1+ and mate. White is clearly winning.} ({Less strong is} 29. Rdxd5 Rb6 30. a3 (30. Rxb5 Rg6 $16) 30... g5 $18) 29... Bg3 {[%emt 0:00:36] Against Re1+} 30. R1d4 {[%emt 0:00:00] Threatening mate with Re4+.} Rc7 31. Rf5 {[%emt 0:00:00] Weighted Error Value: White=0.06 (flawless) /Black=0.32} 1-0

[Event "Mongolian Championship Open 2022"]
[Site "Chingis Khentii"]
[Date "2022.05.15"]
[Round "4.1"]
[White "Bilguun, Sumiya"]
[Black "Amilal Munkhdalai"]
[Result "1-0"]
[ECO "B30"]
[WhiteElo "2454"]
[BlackElo "2033"]
[Annotator "TA"]
[PlyCount "59"]
[EventDate "2022.05.12"]
[EventType "tourn"]
[EventCountry "MGL"]
[SourceTitle "playchess.com"]
[Source "ChessBase"]
[SourceQuality "1"]
[TimeControl "40/5400+30:1800+30"]

1. e4 c5 2. Nc3 Nc6 3. Bb5 Nd4 4. Nf3 e6 5. Nxd4 cxd4 6. Ne2 {[%emt 0:00:05] [#]} Qg5 $1 7. Bc4 {[%emt 0:13:59] B30: Sicilian: 2...Nc6 3 Bb5, lines without ...g6.} Qxg2 (7... b5 $6 8. d3 Qxg2 9. Rg1 Qxh2 10. Bf4 $15) 8. Ng3 {[%emt 0:00:23] [#]} Qh3 {[%emt 0:00:10] [#]} 9. Qe2 $146 {[%emt 0:07:34] Black is better.} ({Predecessor:} 9. Qh5 Qxh5 10. Nxh5 Nf6 11. Nxf6+ gxf6 12. d3 Bd6 13. Bd2 b6 14. f3 Bb7 15. Kf2 {0-1 (31) Arribas Robaina,M (2321)-Gonzalez Vidal,Y (2525) Puebla 2013}) 9... Ne7 10. d3 Ng6 11. Bd2 {[%emt 0:00:52] Inhibits Bb4.} Ne5 ({Black should play} 11... b5 $17 12. Bb3 (12. Bxb5 Rb8 $15) 12... Bc5) 12. f4 Nxc4 13. dxc4 d6 14. c3 e5 {[%emt 0:11:08] Hoping for ...exf4.} 15. f5 dxc3 16. Bxc3 h5 17. O-O-O Qg4 18. Qd3 g6 $2 (18... Bd7 $1 $11 {and Black has nothing to worry.}) 19. Rhg1 $18 {[%emt 0:05:38][%cal Oc4c5][%mdl 1024] Threatens to win with c5! White has strong compensation. Active counter play!} Qg5+ 20. Kb1 {[%emt 0:00:58][%cal Oc4c5] And now c5! would win.} Qf6 (20... h4 $142) 21. c5 $1 h4 (21... Bd7 {is a better defense.} 22. cxd6 h4) 22. Nf1 ({Less strong is} 22. Qb5+ Bd7 23. Qxb7 Rc8 $16) 22... gxf5 23. cxd6 {[%emt 0:00:07] White wants to mate with d7+.} Bd7 24. Ne3 {[%emt 0:00:42] Black must now prevent Nd5.} ({Not} 24. Qd5 Qe6 $18) 24... O-O-O 25. Ba5 {[%emt 0:02:06] aiming for Qc3+.} fxe4 (25... Bc6 $142 26. Bxd8 Qxd8) 26. Bxd8 $2 (26. Qc3+ Bc6 27. Bxd8 Qxd8 28. d7+ Kb8 29. Qxe5+ Bd6 30. Qxd6+ Ka8 31. Qh6) 26... Kxd8 $2 (26... Qxd8 27. Qxe4 f6) 27. Qd5 Qe6 28. Qxb7 {[%emt 0:01:38] White mates.} Bxd6 29. Qa8+ {[%emt 0:00:12][%mdl 64] Skewer} Bc8 30. Qc6 {[%emt 0:00:09] Weighted Error Value: White=0.48/Black=0.70} 1-0

[Event "Mongolian Championship Open 2022"]
[Site "Chingis Khentii"]
[Date "2022.05.15"]
[Round "4.2"]
[White "Battulga, Namkhai"]
[Black "Enkhnar, Enkhbaatar"]
[Result "1-0"]
[ECO "B80"]
[WhiteElo "2402"]
[BlackElo "2368"]
[Annotator "TA"]
[PlyCount "59"]
[EventDate "2022.05.12"]
[EventType "tourn"]
[EventCountry "MGL"]
[SourceTitle "playchess.com"]
[Source "ChessBase"]
[SourceQuality "1"]
[TimeControl "40/5400+30:1800+30"]

1. e4 c5 2. Nf3 e6 3. d4 cxd4 4. Nxd4 Nf6 5. Nc3 d6 6. Be3 a6 7. f3 b5 8. Qd2 Bb7 9. O-O-O Nbd7 10. Bd3 b4 {[%emt 0:02:27] B80: Sicilian Scheveningen: 6 g3 and 6 Be3, including English Attack.} 11. Nce2 d5 12. exd5 Nxd5 {[%emt 0:00:23] The position is equal.} 13. Nf4 {[%emt 0:03:27][%cal Od4e6] And now Ndxe6! would win.} Bc5 {[%emt 0:21:45] [#]} (13... Bd6 $11 {keeps the balance.}) 14. Bc4 $146 (14. Be4 $1 $16) ({Predecessor:} 14. Nxd5 Bxd5 15. Nb3 Bxe3 16. Qxe3 O-O 17. Kb1 Qc7 18. h4 a5 19. h5 h6 20. f4 {0-1 (29) Atakisi,U (2274)-Tosic,M (2503) Yerevan 2000}) 14... N7b6 ({Black should play} 14... Nxe3 $11 15. Qxe3 O-O) 15. Bxd5 $16 {[%emt 0:00:19] White is more active.} exd5 {[%emt 0:28:30][%mdl 8192] [#]} (15... Nxd5 $16 {is tougher.} 16. Ndxe6 Bxe3 17. Nxd8 Bxd2+ 18. Rxd2 Rxd8) 16. Nc6 $1 $18 {[%emt 0:18:53][%cal Bd4c6,Bc6b4,Bb4d3][%mdl 544] Pair of Knights!} Qd6 17. Bxc5 Qxc5 18. Rhe1+ Kf8 19. Nxb4 Rd8 20. Nbd3 Qd6 21. Qc3 h5 22. Qd4 Rh6 23. Re5 ({Much less strong is} 23. Nc5 Bc8 24. Re5 Kg8 25. Nxd5 (25. Rxh5 Rxh5 26. Nxh5 Qh6+ 27. Nf4 Bf5 $18) 25... Nxd5) 23... Nc4 24. Rg5 f6 25. Rxh5 ({Not} 25. Nxh5 Rd7 26. Rf5 Re7 $14) 25... Rxh5 26. Nxh5 Qxh2 $2 (26... Kf7 27. Nc5 Bc6) 27. Nhf4 {[%emt 0:00:54] White is clearly winning.} Re8 28. b3 Ne3 29. Re1 Kf7 30. Rxe3 {[%emt 0:00:38] Black got outplayed after the opening.  Weighted Error Value: White=0.35/Black=1.21} 1-0

[Event "Mongolian Championship Open 2022"]
[Site "Chingis Khentii"]
[Date "2022.05.15"]
[Round "4.3"]
[White "Gundavaa, Bayarsaikhan"]
[Black "Gan-Erdene, Sugar"]
[Result "1/2-1/2"]
[ECO "E60"]
[WhiteElo "2495"]
[BlackElo "2419"]
[Annotator "TA"]
[PlyCount "60"]
[EventDate "2022.05.12"]
[EventType "tourn"]
[EventCountry "MGL"]
[SourceTitle "playchess.com"]
[Source "ChessBase"]
[SourceQuality "1"]
[TimeControl "40/5400+30:1800+30"]

1. Nf3 Nf6 2. g3 g6 3. b3 Bg7 4. Bb2 O-O 5. Bg2 d6 6. d4 c5 7. c4 cxd4 {[%emt 0:00:56] Recently 7...Ne4 got a lot of attention.} 8. Nxd4 d5 {[%emt 0:00:30] E60: King's Indian: Unusual lines and Fianchetto Variation without Nc3.} 9. cxd5 Nxd5 10. O-O Nb4 11. Na3 N8c6 12. Nxc6 Nxc6 13. Bxg7 Kxg7 14. Rc1 Qa5 15. Nc4 {[%emt 0:01:57] [#]} Qb5 $146 (15... Qxa2 $2 16. Ra1 Rd8 17. Rxa2 $18) ({Predecessor:} 15... Qh5 16. Bxc6 bxc6 17. Qd4+ Kg8 18. Ne5 Bh3 19. Nxc6 e5 20. Nxe5 Rad8 21. Qf4 Bxf1 {½-½ (35) Berczes,C (2397)-Gyori,S (2167) Hungary 2012}) 16. Qd2 (16. Nb2 $14) 16... Be6 $1 $11 17. Qc3+ Kg8 $1 18. Rfd1 Rfd8 19. Bf3 Bxc4 (19... Rac8 {seems wilder.} 20. Qe3 Rxd1+ 21. Rxd1 b6) 20. Rxd8+ Rxd8 21. Qxc4 Qxc4 (21... Qe5 {is more complex.} 22. Kg2 Rd2 23. Rc2 Rxc2 24. Qxc2 Kg7) 22. Rxc4 Rd2 23. Bxc6 bxc6 {[%emt 0:00:04] The position is equal.} 24. Rxc6 Rxa2 $14 {[%emt 0:00:14][%mdl 4096] Endgame KR-KR} 25. Rc7 Rxe2 26. Rxa7 Rb2 27. Rxe7 Rxb3 28. Kg2 Kg7 29. Ra7 Rc3 30. Rb7 Ra3 {[%emt 0:00:06] Weighted Error Value: White=0.08 (flawless) /Black=0.04 (flawless)} 1/2-1/2

[Event "Mongolian Championship Open 2022"]
[Site "Chingis Khentii"]
[Date "2022.05.15"]
[Round "4.4"]
[White "Batchuluun, Tsegmed"]
[Black "Agibileg, Uurtsaikh"]
[Result "1/2-1/2"]
[ECO "E61"]
[WhiteElo "2536"]
[BlackElo "2440"]
[Annotator "TA"]
[PlyCount "86"]
[EventDate "2022.05.12"]
[EventType "tourn"]
[EventCountry "MGL"]
[SourceTitle "playchess.com"]
[Source "ChessBase"]
[SourceQuality "1"]
[TimeControl "40/5400+30:1800+30"]

1. d4 Nf6 2. c4 g6 3. Nc3 Bg7 4. g3 O-O 5. Bg2 c5 6. dxc5 {[%emt 0:02:45] E61: King's Indian: Early deviations for White, including Smyslov System.} Qa5 7. Qa4 Qxc5 8. Be3 {[%emt 0:00:08] White is slightly better.} Qc7 9. Nh3 d6 {[%emt 0:08:51] Prevents c5.} 10. Nf4 Bd7 11. Ncd5 Nxd5 12. Nxd5 Qd8 13. Qa3 Nc6 14. O-O Nd4 {[%emt 0:08:29] [#]} 15. Qd3 $146 {[%emt 0:00:10] Prevents Nc2.} ({Predecessor:} 15. Bxd4 Bxd4 16. Rfd1 Bg7 17. Rac1 Bc6 18. Bh3 Re8 19. b4 e6 20. Nc3 a6 21. Qb3 {½-½ (30) Vidit,S (2723)-Sunilduth Lyna,N (2573) Moscow 2018}) 15... Bf5 16. Qd2 Nc2 17. Bg5 f6 {[%emt 0:01:04] [#]} 18. Bxf6 Rxf6 (18... Bxf6 19. Nxf6+) 19. Nxf6+ {[%emt 0:56:09][%mdl 64] Discovered Attack} Bxf6 {[%emt 0:00:23] This bishop pair is nice.} 20. e4 Bxe4 21. Bxe4 Nxa1 22. Rxa1 Qb6 23. Bd5+ Kh8 24. Re1 Rf8 25. b3 Qd4 26. Qc2 b5 27. Re4 Qc5 (27... Qa1+ {is more complex.} 28. Kg2 Bd4 29. Re2 bxc4 30. Qxc4 Bb6) 28. Qd2 bxc4 (28... Bg5 $11 {is more appropriate.} 29. b4 Qb6 30. Qc3+ Bf6) 29. Rxc4 $16 Qb6 30. Kg2 Kg7 31. h4 {[%emt 0:01:32] White is more active.} Be5 (31... Qb8 $16) 32. Rc6 $2 {[%emt 0:07:30] [#]} (32. h5 $18) 32... Qd4 $11 {[%emt 0:01:56] The position is equal.} 33. Qxd4 Bxd4 {[%emt 0:00:04][%cal Be5d4,Bd4c5,Bc5b4,Bb4d2][%mdl 4128] Endgame KRB-KRB} 34. f4 Rf5 35. Bc4 Rc5 36. Rxc5 Bxc5 {[%emt 0:00:23] KB-KB} 37. g4 h5 38. g5 Bb4 39. Be6 Bd2 40. Kg3 Be1+ 41. Kh3 Bd2 42. Kg3 Be1+ 43. Kh3 Bd2 {[%emt 0:00:07] Weighted Error Value: White=0.06 (flawless) /Black=0.07 (flawless)} 1/2-1/2

[Event "Mongolian Championship Open 2022"]
[Site "Chingis Khentii"]
[Date "2022.05.15"]
[Round "4.5"]
[White "Batsuren, Dambasuren"]
[Black "Munkhgal, Gombosuren"]
[Result "1-0"]
[ECO "A50"]
[WhiteElo "2501"]
[BlackElo "2502"]
[Annotator "TA"]
[PlyCount "105"]
[EventDate "2022.05.12"]
[EventType "tourn"]
[EventCountry "MGL"]
[SourceTitle "playchess.com"]
[Source "ChessBase"]
[SourceQuality "1"]
[TimeControl "40/5400+30:1800+30"]

1. d4 Nf6 2. c4 e6 3. Bf4 c5 4. d5 b5 5. Nf3 bxc4 6. Nc3 {[%emt 0:00:23] A50: Queen's Fianchetto Defence (1 d4 Nf6 2 c4 b6).} d6 7. e4 {[%emt 0:00:25][%mdl 1024] White has compensation.} e5 {[%emt 0:06:59] [#]} 8. Be3 $146 {[%emt 0:02:55] White is slightly better.} ({Predecessor:} 8. Bc1 g6 9. Nd2 Bg7 10. Nxc4 O-O 11. Be2 Ne8 12. O-O f5 13. exf5 gxf5 14. f4 {0-1 (31) Toth,L (2157)-Goczo,M (2249) Budapest 2004}) 8... Qa5 ({Black should play} 8... Be7 $14) 9. Nd2 $16 Ba6 10. f3 (10. Bxc4 Nxe4 $1 11. Bxa6 Nxc3 12. bxc3 Qxa6 $15) 10... Nbd7 11. Bxc4 Rb8 12. Bxa6 Qxa6 13. Qe2 Qxe2+ 14. Kxe2 Nh5 15. g3 {[%emt 0:06:05] Against Nf4+} Be7 16. Nc4 O-O {[%emt 0:00:10] [#]} ({Better is} 16... g6) 17. Rab1 $1 h6 (17... Rfc8 $16 {keeps fighting.} 18. Rhc1 Nhf6) 18. a3 Rfc8 19. Na5 {[%emt 0:03:24] aiming for Nc6.} Kf8 20. Nc6 Rb3 21. Nxa7 {[%emt 0:11:14] White is more active.} Ra8 22. Nc6 Nb6 (22... Nb8 $16) 23. Kd3 $18 {[%emt 0:03:58][%cal Be2d3,Bd3c2,Bc2b3][%mdl 32] Threatens to win with Kc2.} c4+ 24. Kc2 {[%emt 0:00:20] Strongly threatening Bxb6.} Nf6 $2 (24... Na4 {was worth a try.} 25. Bd2 (25. Nxe7 Kxe7 26. Nxa4 Rxa4 $14) 25... Nc5) 25. Bxb6 Rxb6 26. b3 cxb3+ 27. Rxb3 Rxb3 28. Kxb3 Nd7 29. Rb1 Nc5+ 30. Kc4 Bg5 31. Rb8+ Rxb8 32. Nxb8 {[%emt 0:00:07][%mdl 4096] Endgame KBN-KNN} Bd2 33. Nb5 Nb7 34. Nc6 Ke8 35. Kd3 Bg5 36. a4 {[%emt 0:00:28][%cal Ba3a4,Ba4a5,Ba5a6][%mdl 32] Black must now prevent a5.} Bd8 {[%emt 0:00:42] Prevents a5.} 37. a5 {[%emt 0:06:03] Prevents Bb6.} Kd7 (37... Bxa5 $142 38. Nxa5 Nxa5 39. Nxd6+ Kf8) 38. a6 Nc5+ 39. Kc4 Nxa6 40. Nxd8 Kxd8 41. Nxd6 {[%emt 0:00:10] KN-KN} f6 42. Nf5 g6 43. Nxh6 Nb8 44. Ng8 Nd7 45. d6 Ke8 46. Kd5 Kf7 47. Nh6+ Kg7 48. Ke6 {[%emt 0:00:07] White mates.} Nc5+ {[%emt 0:00:12] [#]} 49. Ke7 $1 Kxh6 50. Kxf6 g5 51. g4 Kh7 52. Ke7 Kg7 53. d7 {[%emt 0:00:30] Weighted Error Value: White=0.06 (flawless) /Black=0.49} 1-0

[Event "Mongolian Championship Open 2022"]
[Site "Chingis Khentii"]
[Date "2022.05.15"]
[Round "4.6"]
[White "Boldoo, Erdenepurev"]
[Black "Amartuvshin, Ganzorig"]
[Result "1/2-1/2"]
[ECO "E32"]
[WhiteElo "2371"]
[BlackElo "2350"]
[Annotator "TA"]
[PlyCount "141"]
[EventDate "2022.05.12"]
[EventType "tourn"]
[EventCountry "MGL"]
[SourceTitle "playchess.com"]
[Source "ChessBase"]
[SourceQuality "1"]
[TimeControl "40/5400+30:1800+30"]

1. d4 Nf6 2. c4 e6 3. Nc3 Bb4 4. Qc2 b6 5. e4 c5 6. dxc5 {[%emt 0:02:14] E32: Nimzo-Indian: Classical (4 Qc2): 4...0-0.} Bxc5 7. Be2 Nc6 8. Nf3 Qc7 9. O-O a6 10. h3 Bb7 11. a3 Nd4 {[%emt 0:04:53] [#]} 12. Qd3 $146 (12. Nxd4 $14 Bxd4 13. Bd3) ({Predecessor:} 12. Nxd4 Bxd4 13. Bd3 Bxc3 14. Qxc3 Nxe4 15. Bxe4 Bxe4 16. Qd4 f5 17. Be3 {½-½ (119) Vijayalakshmi,S (2335)-Xu,J (2523) Doha 2014}) 12... Nxe2+ 13. Qxe2 Rc8 14. b4 Be7 15. Nd2 (15. e5 {with more complications.} Nh5 16. Na4 b5 17. cxb5 axb5 18. Nd4) 15... d6 16. Bb2 O-O 17. Rac1 Nd7 18. Nd1 Qd8 19. Nf3 Rc7 20. Qd3 Qa8 21. Nd2 Rfc8 (21... Ne5 22. Qd4 Bf6 23. Qxb6 $14) 22. Ne3 Ne5 (22... Bc6 {keeps more tension.} 23. Rfe1 b5 24. Nd5 exd5 25. exd5 Ne5) 23. Bxe5 dxe5 24. f3 Rc6 (24... Rd8 $17 25. Qe2 Bg5) 25. Nb3 {[%emt 0:00:00] [#]} a5 $1 26. Qc3 axb4 27. axb4 Qa4 28. Rb1 (28. c5 $15 Ba6 29. Rfd1) 28... Qxb4 29. Qxe5 Bd6 30. Qd4 Bf4 {[%emt 0:10:27] This bishop pair is nice.} (30... Rd8 $142 {[%cal Od6h2] aiming for ...Bh2+!} 31. Rfd1 Rcc8) 31. e5 $17 Bg5 {[%emt 0:00:28] Hoping for ...Rd8.} (31... Bxe3+ $6 32. Qxe3 Qxc4 33. Nd4 $11) 32. Nd2 Qe7 ({Black should play} 32... Qc5 $17 33. Qxc5 Rxc5) 33. Ne4 (33. f4 $5 Bh4 34. Ne4 $14) 33... Rd8 34. Nd6 f6 35. c5 $2 (35. Rxb6 $2 fxe5 36. Nef5 exf5 $19) (35. Qc3 $1 $11 {and White stays safe.}) 35... fxe5 $19 (35... Rxc5 36. Rxb6 Bxe3+ 37. Qxe3 Rxe5 38. Rxb7 $15) ({Not} 35... bxc5 36. Qe4 Bxe3+ 37. Qxe3 $17) 36. Qe4 {[%emt 0:00:25] [#]} Ba8 ({Worse is} 36... Rxc5 37. Nxb7 Rd4 38. Nxc5 Rxe4 39. Nxe4 $15) 37. Ra1 Bxe3+ ({Stronger than} 37... Rxc5 38. Rxa8 Qxd6 39. Ng4) 38. Qxe3 Rxc5 39. Ne4 Bxe4 40. Qxe4 Rcd5 41. Rfb1 b5 42. Ra6 Rf8 (42... Rb8 $142 43. Kh2 b4) 43. Qg4 $17 {[%emt 0:00:54] Prevents b4.} Re8 44. Kh1 Qf6 (44... Rb8 $17 45. Kh2 b4) 45. Rb6 $1 $15 Rd4 46. Qg3 e4 47. fxe4 Rxe4 48. Rb8 Rf8 49. R1xb5 Rf4 50. R5b7 g6 51. Kh2 Rxb8 52. Rxb8+ $11 {[%emt 0:00:05][%mdl 4096] Endgame KQR-KQR} Kg7 53. Rb7+ Kh6 54. Qe3 {[%emt 0:00:09] And now g3 would win.} Qd4 55. Qxd4 Rxd4 {[%emt 0:00:07] KR-KR} 56. Re7 Re4 57. Kg3 g5 58. Kf3 Re5 59. g4 Kg6 60. Kf2 h5 61. gxh5+ Kxh5 62. Kf3 Kg6 63. Re8 Re1 64. Rg8+ Kf6 65. Rf8+ Kg7 66. Ra8 Rb1 67. Kg4 Rg1+ 68. Kf3 Kf6 69. Rg8 (69. Rf8+ $11 Kg6 70. Rg8+ Kf7 71. Rh8) 69... Kf5 (69... Ra1 $15) 70. Rf8+ Ke5 {[%emt 0:00:06] ( -> ...Rf1+)} 71. Rg8 {[%emt 0:00:07] And White is the lucky defender.  Weighted Error Value: White=0.17 (very precise) /Black=0.13 (very precise)} 1/2-1/2

[Event "Mongolian Championship Open 2022"]
[Site "Chingis Khentii"]
[Date "2022.05.16"]
[Round "5.1"]
[White "Amilal Munkhdalai"]
[Black "Batsuren, Dambasuren"]
[Result "0-1"]
[ECO "A45"]
[WhiteElo "2033"]
[BlackElo "2501"]
[Annotator "TA"]
[PlyCount "108"]
[EventDate "2022.05.12"]
[EventType "tourn"]
[EventCountry "MGL"]
[SourceTitle "playchess.com"]
[Source "ChessBase"]
[SourceQuality "1"]
[TimeControl "40/5400+30:1800+30"]

1. d4 Nf6 2. Bf4 g6 3. Nc3 d5 4. e3 Bg7 5. h4 O-O 6. h5 {[%emt 0:00:45] A45: Trompowsky Attack.} c5 7. hxg6 hxg6 8. Nf3 {[%emt 0:02:39] White has an edge.} Qb6 {[%emt 0:01:45] [#]} 9. Nb5 $146 ({Predecessor:} 9. Na4 Qa5+ 10. c3 cxd4 11. exd4 Bg4 12. Be2 Nc6 13. Nc5 Ne4 14. Nd3 Bxf3 15. gxf3 {½-½ (70) Mikhailovsky,V (2228)-Jumabayev,R (2654) Chess.com INT 2020}) 9... a6 10. Nc7 Ra7 11. Nb5 axb5 12. Bxb8 Ra4 {[%emt 0:00:13] Strongly threatening ...cxd4.} 13. Be5 Qa5+ 14. Qd2 (14. Nd2 $1 $15) 14... b4 $1 $17 15. b3 {[%emt 0:37:41] Hoping for Bxf6.} Rxa2 16. Rxa2 Qxa2 17. dxc5 Qb1+ 18. Qd1 Qxd1+ 19. Kxd1 Ne4 20. Ke1 Nxc5 (20... Bf5 $17 21. Bd3 Ra8 22. Bxg7 Kxg7) 21. Bxg7 Kxg7 22. Ne5 ({White should try} 22. Rh4) 22... Bf5 23. Bd3 {[%emt 0:02:32] [#]} (23. Nd3 $17 Bxd3 24. Bxd3) 23... f6 ({Better is} 23... Ra8 $1 $19 24. Rh4 Ne4 25. Bxe4 dxe4) 24. Bxf5 fxe5 {[%emt 0:00:12][%mdl 4096] Endgame KRB-KRN} 25. Bd3 Ra8 {[%emt 0:02:56] Threatens to win with ...Ra1+.} 26. Rh4 Ra1+ 27. Kd2 e4 28. Bb5 Rg1 (28... Ra5 $17 29. Be2 e5) 29. Rg4 $1 $15 Kh6 30. Be8 (30. Rh4+ $1 $15 Kg5 31. g3) 30... g5 $17 31. Rg3 Rh1 32. Bf7 e6 33. Be8 Rh4 {[%emt 0:02:02] Black is more active.} 34. Bb5 Kg6 35. c3 (35. Be8+ $17 Kf6 36. Rh3) 35... bxc3+ 36. Kxc3 e5 37. b4 Ne6 38. Bd7 d4+ ({Black should play} 38... Ng7 $17 39. Rh3 Rxh3 40. Bxh3 Nf5) 39. Kb3 {[%emt 0:00:56] [#]} (39. Kc4 $15 d3 40. Kc3 (40. Bxe6 $2 d2 $19)) 39... Nc7 (39... Ng7 $1 $19 {[%cal Rg7f5] White must now prevent ...Nf5.} 40. Rh3 Nf5) 40. Bc8 {[%emt 0:00:00] Now White is beyond hope.} (40. Rh3 $17) 40... b6 $19 41. Rh3 Ne8 42. g3 $2 (42. Kc2) 42... Rxh3 43. Bxh3 {[%emt 0:00:05] KB-KN} Nd6 44. g4 Kf6 45. Bf1 d3 46. Bg2 Ke6 47. Kc3 Kd5 48. Bf1 Ne8 49. Bg2 Nf6 {[%emt 0:00:14] aiming for ...Kd6.} 50. Bh3 b5 51. Bg2 Kd6 ({Worse is} 51... Nxg4 52. f3 Nxe3 53. fxe4+ Kd6 54. Bf3 $17) 52. f3 exf3 53. Bxf3 e4 54. Bd1 Ke5 {[%emt 0:29:55] Weighted Error Value: White=0.67/Black=0.12 (very precise)} 0-1

[Event "Mongolian Championship Open 2022"]
[Site "Chingis Khentii"]
[Date "2022.05.16"]
[Round "5.2"]
[White "Agibileg, Uurtsaikh"]
[Black "Bilguun, Sumiya"]
[Result "1-0"]
[ECO "D36"]
[WhiteElo "2440"]
[BlackElo "2454"]
[Annotator "TA"]
[PlyCount "71"]
[EventDate "2022.05.12"]
[EventType "tourn"]
[EventCountry "MGL"]
[SourceTitle "playchess.com"]
[Source "ChessBase"]
[SourceQuality "1"]
[TimeControl "40/5400+30:1800+30"]

1. d4 d5 2. c4 e6 3. Nc3 Nf6 4. cxd5 exd5 5. Bg5 c6 6. e3 Be7 7. Bd3 Nbd7 8. Nge2 Nf8 9. O-O Ne6 10. Bh4 O-O 11. Qc2 {[%emt 0:00:26] 11.f3 gains popularity.} g6 12. f3 b6 {[%emt 0:03:59] D36: Queen's Gambit Declined: Exchange Variation: Main line (5 Bg5 c6 6 Qc2).} 13. Kh1 Bb7 {[%emt 0:01:25] [#]} 14. Bf2 $146 ({Predecessor:} 14. Rad1 Nh5 15. Bxe7 Qxe7 16. e4 Rad8 17. e5 c5 18. Qa4 a6 19. f4 cxd4 20. Nb1 {0-1 (33) Gilimshin,A (2607)-Pinkovetsky,S (2610) ICCF email 2004}) 14... c5 {[%emt 0:09:28] The position is equal.} 15. Qd2 Rc8 16. Bc2 a6 17. Rad1 Qc7 18. Bg3 Qc6 (18... Qd8 $11) 19. dxc5 bxc5 20. Be5 Rfd8 21. Bb3 c4 22. Bc2 Nd7 23. Nd4 ({Not} 23. Nxd5 $2 Qxd5 24. Qxd5 Bxd5 $19) 23... Nxd4 24. Bxd4 Nc5 25. f4 Bf6 {[%emt 0:08:12] [#]} (25... Ne6 $1 $14) 26. f5 $1 $16 g5 27. Qe2 {[%emt 0:03:19][%cal Oh2h4] h4! is the strong threat.} Ne4 $2 {[%emt 0:08:41][%mdl 8192] [#] Black cannot hold the game after this.} (27... h6 $16) 28. Nxd5 $1 $18 Qxd5 29. Bxf6 {[%emt 0:00:29][%mdl 64] Discovered Attack} Nxf6 (29... Qxd1 $142 30. Rxd1 Rxd1+ 31. Bxd1 Nxf6) 30. Rxd5 Rxd5 31. e4 Re8 32. Qe3 h6 33. Qb6 Rd2 34. Qxf6 Rxc2 35. Qxh6 Bxe4 36. f6 {[%emt 0:00:07] Weighted Error Value: White=0.03 (flawless) /Black=0.70} 1-0